 Dungeon Crawl Stone Soup version 0.30-a0-368-g86fb4627a9 (webtiles) character file.

Game seed: 5697250820381516768

2627 oldriver the Thaumaturge (level 9, -7/76 HPs)
             Began as a Mummy Necromancer on Nov 19, 2022.
             Was an Initiate of Hepliaklqana.
             Mangled by a yak (14 damage)
             ... on level 7 of the Dungeon.
             The game lasted 00:10:28 (8203 turns).

oldriver the Thaumaturge (Mummy Necromancer)        Turns: 8203, Time: 00:10:29

Health: -7/76      AC:  8    Str: 12    XL:     9   Next: 34%
Magic:  2/24       EV: 12    Int: 18    God:    Hepliaklqana [......]
Gold:   364        SH:  0    Dex: 12    Spells: 22/30 levels left

rFire   x . .      SeeInvis .    m - +7 war axe (vorpal)
rCold   + . .      Faith    +    (no shield)
rNeg    + + +      Spirit   .    a - +0 robe
rPois   ∞          Reflect  .    d - +2 helmet
rElec   .          Harm     .    (no cloak)
rCorr   .          Rampage  .    (no gloves)
Will    +....                    k - +2 pair of boots
Stlth   ++........               (no amulet)
HPRegen 0.32/turn                g - ring of wizardry
MPRegen 0.19/turn                (no ring)

@: animating dead (expiring)
A: cold resistance 1, negative energy resistance 3, torment resistance 2, heat
vulnerability 1, in touch with death 1, no potions, faith
a: Renounce Religion


You were on level 7 of the Dungeon.
You worshipped Hepliaklqana.
Hepliaklqana was noncommittal.
You visited 2 branches of the dungeon, and saw 8 of its levels.

You collected 364 gold pieces.

Inventory:

Hand Weapons
 h - a +0 dagger of protection
 j - a +1 dagger of speed
 m - a +7 vorpal war axe (weapon)
 n - a +1 dagger of draining
Missiles
 i - a throwing net
Armour
 a - a +0 robe (worn)
 d - a +2 helmet (worn)
 k - a +2 pair of boots (worn)
Jewellery
 g - a ring of wizardry (left hand)
Wands
 c - a wand of mindburst (10)
Scrolls
 b - 4 scrolls of butterflies
 e - a scroll of enchant armour
 f - a scroll of poison
 l - 2 scrolls of teleportation
 o - a scroll of amnesia {unknown}
 p - a scroll of vulnerability {unknown}


   Skills:
 + Level 9.0 Fighting
 - Level 1.5 Dodging
 - Level 1.5 Stealth
 + Level 11.1 Spellcasting
 - Level 4.0 Necromancy


You had 22 spell levels left.
You knew the following spells:

 Your Spells              Type           Power      Damage    Failure   Level
a - Necrotise             Necr           100%       1d9       1%          1
b - Vampiric Draining     Necr           36%        2d8       1%          3
c - Animate Dead          Necr           36%        N/A       6%          4

Your spell library contained the following spells:

 Spells                   Type           Power      Damage    Failure   Level
 Inner Flame              Hex/Fire       10%        N/A       9%          3
 Agony                    Necr           36%        N/A       16%         5
 Flame Wave               Conj/Fire      10%        2d6       26%         4
 Sticky Flame             Conj/Fire      10%        2d3       26%         4


Dungeon Overview and Level Annotations

Branches:
Dungeon (7/15)             Temple (1/1) D:7

Altars:
Cheibriados
Fedhas
Gozag
Hepliaklqana
Kikubaaqudgha
Nemelex Xobeh
Qazlal
Sif Muna
Trog
Uskayaw
Vehumet
Wu Jian
Xom
Yredelemnul


Innate Abilities, Weirdness & Mutations

You are immune to poison.
Your flesh is cold resistant. (rC+)
You are immune to negative energy. (rN+++)
You are immune to unholy pain and torment.
You are vulnerable to heat. (rF-)
You are in touch with the powers of death.
You do not drink.
You have a special connection with the divine. (Faith)


Message History

You see here a +0 scale mail.
Your yak zombie gores the yak!
The yak dies!
Your yak zombie gores the yak!
Your yak zombie barely misses the yak.
Your Fighting skill increases to level 9!
Your Spellcasting skill increases to level 11!
Your yak zombie gores the yak.
Your yak zombie gores the yak!
Something gores your yak zombie!
Items here: ))) [[[.
Casting: Vampiric Draining (safe; 1% risk of failure)
Confirm with . or Enter, or press ? or * to list all spells.
Aiming: Vampiric Draining (safe; 1% risk of failure)
Press: ? - help, Shift-Dir - straight line, f - yak
Aim: a yak You feel a surge of power!
You draw life force from the yak!
You feel life coursing into your body. The yak closely misses you.
Unknown command.
Casting: Vampiric Draining (safe; 1% risk of failure)
Confirm with . or Enter, or press ? or * to list all spells.
Aiming: Vampiric Draining (safe; 1% risk of failure)
Press: ? - help, Shift-Dir - straight line, f/p - yak
Aim: a yak (lightly wounded, ally target)
You feel a surge of power!
You draw life force from the yak!
You feel life coursing into your body. The yak gores you!
* * * LOW HITPOINT WARNING * * *
Unknown command.
You barely miss the yak.
The yak is moderately wounded.
Your reaping aura is weakening.
The yak gores you!
* * * LOW HITPOINT WARNING * * *
You hit the yak.
The yak is moderately wounded.
You hit the yak. The yak gores you but does no damage.
The yak completely misses you.
You barely miss the yak.
The yak is moderately wounded.
You slash the yak! The yak gores you!
You die...

#.# #.##.....##.....# #.#
#.#.......#...#.#
#.##########.#.......#..##.#
#................_.....###.#
############.#.......#.###.#
###############.#.......#..##.#
..Z...)Z.Z......##.....##.....#
.##############Y####.####.###.#
.# ##### #Y@.........# #.# .#
#...# ####.#.###### #.# Y#
#...# #.#!# #.# .### #...#
#.#.# #.# Z[)# #...# #.#.# #.#
ZY.# #...# #.#.# #.#
...#####...# #.#.# #.#
...#...#...#######.#.## #.#
..†'.................># #.#


You could see 2 yaks.

Vanquished Creatures
  3 yaks (D:7)
  Duvessa (D:7)
  2 water moccasins (D:7)
  An ogre (D:5)
  2 centaurs
  A phantom (D:5)
  3 bullfrogs
  2 scorpions
  4 wights (D:7)
  Dowan (D:7)
  6 hounds
  A jelly (D:7)
  A gnoll bouda (D:4)
  2 orc priests
  2 iguanas
  6 orc wizards
  3 gnolls
  6 adders
  2 worms
  5 dart slugs
  20 orcs
  6 ball pythons
  8 endoplasms
  2 giant cockroaches
  7 goblins
  4 hobgoblins
  7 jackals
  3 quokkas
  9 bats
  4 frilled lizards
  9 kobolds
  3 rats
136 creatures vanquished.

Vanquished Creatures (collateral kills)
  2 yaks (D:7)
  An adder (D:5)
  A bat (D:1)
  2 rats
6 creatures vanquished.

Grand Total: 142 creatures vanquished

Notes
Turn   | Place    | Note
-------+----------+-------------------------------------------
     0 | D:1      | oldriver the Mummy Necromancer began the quest for the Orb.
     0 | D:1      | Reached XP level 1. HP: 13/13 MP: 4/4
   176 | D:1      | Reached skill level 3 in Spellcasting
   320 | D:1      | Reached skill level 1 in Fighting
   334 | D:1      | Reached XP level 2. HP: 21/21 MP: 0/6
   674 | D:1      | Gained mutation: You are in touch with the powers of death.
                  | [Mummy growth]
   674 | D:1      | Reached XP level 3. HP: 27/27 MP: 6/8
  1449 | D:2      | Reached skill level 4 in Spellcasting
  1657 | D:2      | You fall into a shaft and drop 2 floors!
  1897 | D:3      | Reached XP level 4. HP: 34/34 MP: 8/10
  2014 | D:3      | Found an opulent altar of Gozag.
  3040 | D:3      | Learned a level 3 spell: Vampiric Draining
  3045 | D:3      | Learned a level 4 spell: Animate Dead
  3414 | D:4      | Reached XP level 5. HP: 41/41 MP: 6/12
  3580 | D:4      | Reached skill level 5 in Spellcasting
  4103 | D:4      | Reached XP level 6. HP: 36/48 MP: 7/14
  4387 | D:5      | Entered Level 5 of the Dungeon
  4427 | D:5      | Reached skill level 6 in Spellcasting
  4800 | D:5      | Reached skill level 5 in Fighting
  4800 | D:5      | Reached XP level 7. HP: 56/56 MP: 7/17
  4923 | D:5      | Reached skill level 7 in Spellcasting
  5973 | D:6      | Reached skill level 8 in Spellcasting
  6128 | D:6      | Reached XP level 8. HP: 50/65 MP: 10/20
  6654 | D:7      | Reached skill level 9 in Spellcasting
  6668 | D:7      | HP: 3/67 [yak (7)]
  6901 | D:7      | Found a staircase to the Ecumenical Temple.
  6905 | D:7      | Noticed Dowan
  6906 | D:7      | Noticed Duvessa
  6922 | D:7      | Killed Duvessa
  6927 | D:7      | Killed Dowan
  6935 | Temple   | Entered the Ecumenical Temple
  7547 | D:7      | Found a hazy altar of Hepliaklqana.
  7591 | D:7      | Became a worshipper of Hepliaklqana the Forgotten
  7635 | D:7      | Reached skill level 10 in Spellcasting
  7879 | D:7      | Found a bloodstained altar of Trog.
  7916 | D:7      | Reached XP level 9. HP: 67/75 MP: 18/23
  8178 | D:7      | Reached skill level 11 in Spellcasting
  8203 | D:7      | Mangled by a yak

Illustrated notes

Levels and vault maps discovered:
D:1:      dpeg_arrival_arbitrary_b, layout_basic, st_stairs_14
D:2:      layout_basic
D:3:      layout_loops_corners, grunt_gozag_statues
D:4:      layout_gridville, minmay_misc_feat_columns
D:5:      layout_gridville
D:6:      layout_cave_pools, tso_oasis_becter
D:7:      layout_basic, trog_book, old_standard_altar,
          minmay_temple_entry_drinking_statues, uniq_duvessa
Temple:   minmay_temple_forest_path

Skill      XL: |  1  2  3  4  5  6  7  8  9 |
---------------+----------------------------+-----
Spellcasting   | 3 4 5 6 8 10 11 | 11.1
Fighting       | 1 2 3 4 5 6 8 9 |  9.0
Dodging        | |  1.5
Stealth        | |  1.5
Necromancy     | |  4.0

Action                   |  1- 3 |  4- 6 |  7- 9 || total
-------------------------+-------+-------+-------++-------
Melee: Unarmed           |    10 |       |       ||    10
       Dagger            |    11 |    26 |    67 ||   104
       War axe           |       |       |    34 ||    34
       Punch             |       |       |     1 ||     1
 Cast: Necrotise         |    77 |   108 |   121 ||   306
       Vampiric Draining |       |     9 |    21 ||    30
       Animate Dead      |       |       |     1 ||     1
  Use: Scroll            |       |     5 |    11 ||    16
 Stab: Distracted        |       |       |     1 ||     1
Armor: Robe              |    14 |    26 |    79 ||   119
Dodge: Dodged            |    36 |    50 |   110 ||   196

Table legend: (Time is in decaauts)
 A = Elapsed time spent in this place.
 B = Non-inter-level travel time spent in this place.
 C = Inter-level travel time spent in this place.
 D = Time resting spent in this place.
 E = Time spent auto-exploring this place.
 F = Levels seen in this place.
 G = Mean time per level.
                   A        B        C        D        E       F      G
               +--------+--------+--------+--------+--------+-----+--------+
         Total |   8221 |   7959 |    262 |    958 |   5771 |   8 | 1027.6 |
       Dungeon |   7782 |   7572 |    210 |    958 |   5396 |   7 | 1111.7 |
        Temple |    438 |    386 |     52 |      0 |    375 |   1 |  438.0 |
               +--------+--------+--------+--------+--------+-----+--------+

Top non-repeatable levels by time:
     D:3: 1545 daAuts
     D:5: 1417 daAuts
     D:7: 1076 daAuts
     D:1: 1075 daAuts
     D:4: 1040 daAuts
     D:6: 893 daAuts
     D:2: 735 daAuts
  Temple: 438 daAuts
